 Dungeon Crawl Stone Soup version 0.21-a0-552-g593960d (webtiles) character file.

28 polly the Skirmisher (level 3, 22/29 HPs)
             Began as a Demonspawn Berserker on Dec 17, 2017.
             Was a Follower of Trog.
             Quit the game on level 2 of the Dungeon.
             The game lasted 00:01:12 (1039 turns).

polly the Skirmisher (Demonspawn Berserker)         Turns: 1039, Time: 00:01:12

Health: 22/29      AC:  4    Str: 18    XL:     3   Next: 0%
Magic:  3/3        EV: 12    Int:  8    God:    Trog [*.....]
Gold:   68         SH:  0    Dex: 12    Spells: 2/2 levels left

rFire    . . .     SeeInvis .   a - +0 hand axe
rCold    . . .     Gourm    .   (no shield)
rNeg     . . .     Faith    .   b - +0 animal skin
rPois    .         Spirit   .   (no helmet)
rElec    .         Reflect  .   (no cloak)
rCorr    .         Harm     .   (no gloves)
MR       .....                  (no boots)
Stlth    ++........             (no amulet)
HPRegen  0.09/turn              (no ring)
MPRegen  0.08/turn              (no ring)

@: mildly poisoned (22 -> 21)
A: talons 1, slimy green scales 1
a: Berserk, Burn Spellbooks, Renounce Religion


You were on level 2 of the Dungeon.
You worshipped Trog.
Trog was aware of your devotion.
You were not hungry.

You visited 1 branch of the dungeon, and saw 2 of its levels.

You collected 68 gold pieces.

Inventory:

Hand Weapons
 a - a +0 hand axe (weapon)
Armour
 b - a +0 animal skin (worn)
Scrolls
 d - 4 scrolls of identify {unknown}
 e - a scroll of fog {unknown}
 l - a scroll of immolation {unknown}
Potions
 f - 2 potions of brilliance {unknown}
 g - a potion of haste {unknown}
 j - a potion of might {unknown}
 k - a potion of lignification {unknown}
Comestibles
 c - a bread ration
 h - 4 fruits
 i - 2 royal jellies


   Skills:
 + Level 3.4 Fighting
 + Level 3.1 Axes
 + Level 1.8 Armour
 + Level 1.9 Dodging
 + Level 0.9 Stealth


You had 2 spell levels left.
You didn't know any spells.

Dungeon Overview and Level Annotations

Branches:
Dungeon (2/15)

Altars:


Innate Abilities, Weirdness & Mutations

You have sharp toenails.
You are partially covered in slimy green scales. (AC +2)


Message History

You hit the adder.
The adder is almost dead.
You feel sick. The adder barely misses you. The adder closely misses you.
You closely miss the adder. You claw the adder.
You kill the adder!
Trog accepts your kill.
You have reached level 3!
Your experience leads to an increase in your attributes!
Increase (S)trength, (I)ntelligence, or (D)exterity?
You feel stronger.
Your demonic ancestry asserts itself...
Slimy green scales grow over part of your body.
You feel sick.
You feel sick.
You feel sick.
l - a scroll labeled OSOKEO ERIF You feel sick.
A worm comes into view.
Found 18 bolts and a dagger.
A worm is nearby!
Are you sure you want to abandon this character and quit the game? (Confirm with "yes".)

..! ... .. ..#
.#... #.###.#..
#.#..... ##.....#
##.
########>.##..#....
...................
###?..@#......##
w..............#
...........#####
)........<..#######
.?...............)#
.....##............
...⌠. ##...........
..... #...........
#...........


You could see a worm (sleeping).

Vanquished Creatures
  An adder (D:2)
  A dart slug (D:1)
  2 leopard geckos (D:1)
  A giant cockroach (D:1)
  A goblin (D:1)
  2 hobgoblins (D:1)
  2 bats (D:1)
  A frilled lizard (D:1)
  3 kobolds (D:1)
  3 rats (D:1)
17 creatures vanquished.

Notes
Turn   | Place    | Note
-------+----------+-------------------------------------------
     0 | D:1      | polly the Demonspawn Berserker began the quest for the Orb.
     0 | D:1      | Reached XP level 1. HP: 18/18 MP: 1/1
   364 | D:1      | Gained mutation: You have sharp toenails. [demonic ancestry]
   364 | D:1      | Reached XP level 2. HP: 24/24 MP: 2/2
  1026 | D:2      | Gained mutation: You are partially covered in slimy green scales. (AC +2) [demonic ancestry]
  1026 | D:2      | Reached XP level 3. HP: 25/29 MP: 3/3
  1039 | D:2      | Quit the game

Vault maps used:
D:1:      lightli_arrival_noodles, serial_forest, infiniplex_forest_lined_3,
          infiniplex_forest_straight_5, infiniplex_forest_lined_3,
          infiniplex_forest_clump_diagonal, infiniplex_forest_zigzag_1,
          infiniplex_forest_straight_1, infiniplex_forest_clump_tiny
D:2:      grunt_ministairs_9

Skill      XL: |  1  2 |
---------------+-------+-----
Axes           | 3 |  3.1
Fighting       | |  3.4
Armour         | |  1.8
Dodging        | |  1.9
Stealth        | |  0.9

Action                   || total
-------------------------++-------
Melee: Hand axe          ||    40
       Kick              ||     6
 Stab: Sleeping          ||     2
Armor: Animal skin       ||     5
Dodge: Dodged            ||    31

Table legend:
 A = Spawn XP
 B = Non-spawn XP
 C = Spawn XP percentage of total XP
 D = Spawn monster count
 E = Non-spawn monster count
 F = Spawn count percentage of total count
 G = Total turns spent on level
                    A         B        C        D         E        F      G
               +---------+---------+-------+---------+---------+-------+---------
         Total |       0 |      41 |   0.0 |       0 |      17 |   0.0 |  1039
               +---------+---------+-------+---------+---------+-------+---------
           D:1 |       0 |      28 |   0.0 |       0 |      16 |   0.0 |  1018
           D:2 |       0 |      13 |   0.0 |       0 |       1 |   0.0 |    21
               +---------+---------+-------+---------+---------+-------+---------
